 Dungeon Crawl Stone Soup version 0.31-a0-1101-g9ad1905e61 (webtiles) character file.

Game seed: 4204201922571321347

84158 Armakuni the Carver (level 15, -5/104 (115) HPs)
             Began as a Vampire Monk on Nov 30, 2023.
             Was the Champion of Makhleb.
             Killed from afar by a tengu reaver (42 damage)
             ... with a bolt of cold
             ... on level 12 of the Dungeon on Dec 1, 2023.
             The game lasted 01:03:31 (19943 turns).

Armakuni the Carver (Vampire Monk)                 Turns: 19943, Time: 01:03:31

HP:   -5/104 (115)  AC: 29    Str: 21    XL:     15   Next: 34%
MP:   24/24         EV: 17    Int:  8    God:    Makhleb [******]
Gold: 978           SH: 17    Dex: 27    Spells: 12/14 levels left

rFire   . . .        a - +7 long sword (vamp)
rCold   . . .        N - +3 kite shield "Iczethah" {Str+4}
rNeg    . . .        L - +9 plate armour of Jufompeuph {Rampage Regen+ Int-4}
rPois   +            q - +2 hood of the Assassin {Detect Stab+ Stlth++}
rElec   .            g - +1 cloak of Joess {rPois rCorr}
rCorr   +            M - +1 pair of gloves {Str+3}
SInv    +            f - +0 pair of boots
Will    +....        U - amulet of faith Stlth
                     E - +5 ring of evasion
HPRegen 1.37/turn    D - +6 ring of dexterity
MPRegen 0.19/turn

%: rampage, faith
@: healing quickly, studying 2 skills, drained
A: alive, fangs 3, see invisible, vampiric 2
a: Exsanguinate, Renounce Religion, Minor Destruction, Lesser Servant of
Makhleb, Major Destruction, Greater Servant of Makhleb


You were on level 12 of the Dungeon.
You worshipped Makhleb.
Makhleb was exalted by your worship.
You visited 4 branches of the dungeon, and saw 21 of its levels.
You also visited: Ice Cave.

You collected 4190 gold pieces.
You spent 3212 gold pieces at shops.

Inventory:

Hand Weapons
 a - a +7 vampiric long sword (weapon)
 b - a +2 scimitar of flaming
Armour
 f - a +0 pair of boots (worn)
 g - the +1 cloak of Joess (worn) {rPois rCorr}
   (You found it on level 8 of the Dungeon)

   rPois:     It protects you from poison rCorr: It protects you from acid and
   corrosion.
 q - the +2 hood of the Assassin (worn) {Detect Stab+ Stlth++}
   (You bought it in a shop on level 2 of the Orcish Mines)

   Detect:    It allows the wearer to sense nearby creatures.
   Stab+:     It allows the wearer to make particularly effective stabbing
   attacks against helpless or unaware enemies with any weapon.
   Stlth++:   It makes you much more stealthy.
 L - the +9 plate armour of Jufompeuph (worn) {Rampage Regen+ Int-4}
   (You bought it in a shop on level 1 of the Dungeon)

   Int-4:     It affects your intelligence (-4).
   Regen+:    It increases your rate of health regeneration.
   Rampage:   It bestows one free step when moving towards enemies.
 M - a +1 pair of gloves of strength (worn)
 N - the +3 kite shield "Iczethah" (worn) {Str+4}
   (You found it on level 4 of the Lair of Beasts)

   Str+4:     It affects your strength (+4).
Jewellery
 D - a +6 ring of dexterity (right hand)
 E - a +5 ring of evasion (left hand)
 J - a ring of protection from cold
 U - an amulet of faith (around neck)
 W - a ring of willpower
Wands
 c - a wand of charming (5)
 k - a wand of digging (6)
 v - a wand of flame (74)
Scrolls
 d - a scroll of blinking
 i - 3 scrolls of noise
 m - a scroll of revelation
 o - 5 scrolls of teleportation
 r - 4 scrolls of fog
 t - 2 scrolls of immolation
 w - a scroll of poison
 B - 3 scrolls of vulnerability
 C - 3 scrolls of amnesia
Potions
 e - 2 potions of enlightenment
 h - 3 potions of brilliance
 j - 10 potions of curing
 l - 2 potions of might
 n - 2 potions of lignification
 p - 3 potions of haste
 s - a potion of berserk rage {unknown}
 u - a potion of attraction
 x - a potion of magic {unknown}
 z - 4 potions of resistance
 A - a potion of cancellation {unknown}
 G - 5 potions of ambrosia
 H - a potion of heal wounds
 I - a potion of invisibility {unknown}
 X - 3 potions of mutation
Miscellaneous
 K - a phial of floods


   Skills:
 - Level 10.0 Fighting
 - Level 14.1 Long Blades
 - Level 4.0 Polearms
 - Level 6.8 Armour
 - Level 10.0 Dodging
 - Level 10.2 Shields
 - Level 10.0 Transmutations
 + Level 12.2 Invocations


You had 12 spell levels left.
You knew the following spells:

 Your Spells              Type           Power      Damage    Failure   Level
w - Wereblood             Tmut           16%        N/A       36%         2

Your spell library contained the following spells:

 Spells                   Type           Power      Damage    Failure   Level
 Sting                    Tmut/Pois      32%        1d4       90%         1
 Passwall                 Tmut/Erth      6%         N/A       97%         2
 Freeze                   Ice            0%         1d3       100%        1
 Necrotise                Necr           0%         1d4       100%        1
 Shock                    Conj/Air       0%         1d3       100%        1
 Summon Small Mammal      Summ           0%         N/A       100%        1
 Ensorcelled Hibernation  Hex/Ice        0%         N/A       100%        2
 Jinxbite                 Hex            0%         N/A       100%        2
 Poisonous Vapours        Pois/Air       0%         N/A       100%        2
 Call Canine Familiar     Summ           0%         N/A       100%        3
 Dazzling Flash           Conj/Hex       0%         N/A       100%        3
 Frozen Ramparts          Ice            0%         1d1       100%        3
 Hailstorm                Conj/Ice       0%         3d3       100%        3
 Ozocubu's Armour         Ice            0%         N/A       100%        3
 Summon Guardian Golem    Hex/Summ       0%         N/A       100%        3
 Swiftness                Air            0%         N/A       100%        3
 Vampiric Draining        Necr           0%         2d6       100%        3
 Airstrike                Air            0%         2d(0-16)  100%        4
 Anguish                  Hex/Necr       0%         N/A       100%        4
 Animate Dead             Necr           0%         N/A       100%        4
 Brom's Barrelling Bould  Conj/Erth      0%         2d3       100%        4
 Olgreb's Toxic Radiance  Pois           0%         N/A       100%        4
 Summon Ice Beast         Ice/Summ       0%         N/A       100%        4
 Agony                    Necr           0%         N/A       100%        5
 Borgnjor's Vile Clutch   Necr/Erth      0%         N/A       100%        5
 Fireball                 Conj/Fire      0%         3d3       100%        5
 Irradiate                Conj/Tmut      4%         3d13      100%        5
 Iskenderun's Battlesphe  Conj           0%         2d6       100%        5
 Silence                  Hex/Air        0%         N/A       100%        5
 Conjure Ball Lightning   Conj/Air       0%         3x3d6     100%        6
 Death Channel            Necr           0%         N/A       100%        6
 Simulacrum               Ice/Necr       0%         N/A       100%        6
 Orb of Destruction       Conj           0%         9d5       100%        7
 Ozocubu's Refrigeration  Ice            0%         4d7       100%        7
 Discord                  Hex            0%         N/A       100%        8
 Ignition                 Fire           0%         3d3       100%        8


Dungeon Overview and Level Annotations

Branches:
Dungeon (13/15)            Temple (1/1) D:5            Lair (5/5) D:11
 Shoals (0/4) Lair:2        Snake (0/4) Lair:2        Slime (0/5) Lair:4
    Orc (2/2) D:12            Elf (0/3) Orc:2         IceCv (visited)
 Vaults: D:13-14

Altars:
Ashenzari
Cheibriados
Dithmenos
Fedhas
Gozag
Hepliaklqana
Kikubaaqudgha
Makhleb
Nemelex Xobeh
Okawaru
Qazlal
Ru
Sif Muna
Trog
Uskayaw
Vehumet
Wu Jian
Xom
Yredelemnul
Jiyva

Shops:
D:1 [   D:2 [   D:5 (   D:9 *   D:12 :*   Orc:2 :[*!

Portals:
Pandemonium: Orc:2

Annotations:
D:8 2 runed translucent doors
D:12 exclusion: obsidian statue


Innate Abilities, Weirdness & Mutations

Your natural rate of healing is accelerated.
You have razor-sharp teeth.
You have supernaturally acute eyesight. (SInv)
You are afflicted with vampirism and can become a bat while bloodless.


Message History

The tengu reaver casts a spell at you. The bolt of negative energy misses you.
You slash the tengu reaver!
You feel better.
The tengu reaver is lightly wounded.
A demon appears!
You block the tengu reaver's attack. The tengu reaver closely misses you.
You block the tengu reaver's attack. The tengu reaver blocks your attack.
The tengu reaver is lightly wounded.
You block the tengu reaver's attack. x2
The tengu reaver claws you but does no damage.
You barely miss the tengu reaver.
The tengu reaver is lightly wounded.
You block the tengu reaver's attack.
The tengu reaver hits your neqoxec with a +0 war axe!
You block the tengu reaver's attack. x2
The tengu reaver blocks your attack.
The tengu reaver is lightly wounded.
The tengu reaver blocks your neqoxec's attack.
The tengu reaver hits you with a +0 war axe!
The tengu reaver hits your neqoxec with a +0 war axe!!
You block the tengu reaver's attack.
The tengu reaver claws you but does no damage.
You hit the tengu reaver but do no damage.
Your bite misses the tengu reaver.
The tengu reaver is lightly wounded.
Your neqoxec gestures at the tengu reaver.
The tengu reaver twists and deforms.
The tengu reaver blocks your attack.
You bite the tengu reaver.
The tengu reaver is lightly wounded.
The tengu reaver gestures at you while chanting.
The bolt of cold hits you!!!
* * * LOW HITPOINT WARNING * * *
You feel much better.
Your neqoxec hits the tengu reaver. The tengu reaver casts a spell at you.
The bolt of poison misses you.
Your neqoxec gestures at the tengu reaver.
The tengu reaver twists and deforms.
The tengu reaver gestures at you while chanting.
The bolt of cold hits you!!!
You die...

####.# #.## #..#########
#.##.8.##..##
####.#!.$.$#...#####
.....#8$$$.'.......#
###.##∩58_$'...#Q#.####
####.#8$$$$'...3......#
.....#.$°$$#....@#.####
.....##∩8.##...#.#.#
##..>.##########...#
#........# #<#.#
#......#.# #.#..#
#......#.# #.#.#.#
##.#.#..#.# #<...#.##
..........# #..#....#
........#########...##.#


You could see a tengu reaver (repels missiles, misshapen, ally target) and a
friendly neqoxec (summoned).

Vanquished Creatures
  Snorg (D:9)
  A dire elephant (Lair:5)
  Josephine (D:13)
  4 hydras
  A demonspawn (Orc:2)
  2 boulder beetles (D:11)
  2 centaur warriors
  3 two-headed ogres
  The ghost of Takeo the Frost Mage, a journeyman DEIE of Sif Muna (D:11)
  5 orc high priests (Orc:2)
  A skyshark (Lair:4)
  A spectral death yak (Lair:5)
  A spectral anaconda (Lair:5)
  A skeletal warrior (D:11)
  An obsidian statue (Lair:5)
  4 necromancers
  4 orc knights (Orc:2)
  A salamander (Lair:2)
  3 ugly things (D:11)
  6 orc sorcerers
  A cyclops (D:11)
  13 elephants
  4 black mambas
  An ice statue (IceCv)
  A manticore (D:11)
  A kobold blastminer (Orc:1)
  9 cane toads
  A dire elephant zombie (Lair:5)
  Jeremiah (D:9)
  An orange demon (Orc:2)
  Psyche (D:8)
  A kobold demonologist (D:12)
  3 rime drakes
  A centaur skeleton (D:13)
  An efreet (D:12)
  2 unseen horrors
  6 komodo dragons
  4 anaconda simulacra (IceCv)
  5 ice devils
  2 trolls
  A hellwing (Orc:2)
  4 blink frogs (Lair:3)
  A spectral elephant (Lair:5)
  A jumping spider (shapeshifter) (D:11)
  A slime creature (D:11)
  Sigmund (D:3)
  2 dire elephant simulacra (IceCv)
  A shadow (D:10)
  A vampire (D:12)
  5 wyverns
  49 yaks
  8 wraiths
  A basilisk (Lair:3)
  6 steam dragons
  Eustachio (D:6)
  5 vampire mosquitoes (D:11)
  A warg (Orc:1)
  A death yak simulacrum (Lair:5)
  A harpy simulacrum (IceCv)
  4 acid dragons
  Duvessa (D:6)
  11 water moccasins
  A hydra simulacrum (IceCv)
  5 sky beasts
  2 black bears (D:6)
  32 orc warriors
  2 ice beasts
  4 ogres
  9 wolves
  A phantom (D:4)
  3 centaurs
  4 lemures (D:6)
  13 bullfrogs
  A gnoll sergeant (D:7)
  A two-headed ogre simulacrum (IceCv)
  3 scorpions
  3 wyvern zombies (D:11)
  2 cane toad simulacra (Lair:5)
  4 wights (D:8)
  Dowan (D:6)
  13 killer bees
  4 elephant simulacra
  5 howler monkeys
  3 electric eels (Lair:2)
  7 lava snakes (Lair:2)
  6 jellies
  5 hounds
  Crazy Yiuf (D:5)
  23 orc priests
  A gnoll bouda (D:11)
  Jessica (D:2)
  4 iguanas
  A sleepcap (D:7)
  20 orc wizards
  6 hell rats (Lair:5)
  A polar bear simulacrum (IceCv)
  8 gnolls
  8 adders
  3 white imps
  2 ufetubi (D:6)
  2 worms (D:2)
  3 dart slugs
  65 orcs
  8 ball pythons
  2 bat zombies (D:9)
  4 endoplasms
  7 giant cockroaches
  A goblin (shapeshifter) (D:11)
  4 goblins
  14 hobgoblins
  9 jackals
  3 quokkas
  7 bats
  5 frilled lizards
  A goblin zombie (D:5)
  14 kobolds
  A quokka zombie (D:5)
  3 rats (D:1)
  A rat zombie (D:9)
577 creatures vanquished.

Vanquished Creatures (collateral kills)
  Rupert (Lair:4)
  The ghost of Konar the Warrior, a journeyman BaHu of Jiyva (Lair:5)
  3 dire elephants (Lair:5)
  5 two-headed ogres
  An ogre mage (D:11)
  Urug (Orc:2)
  A spectral death yak (Lair:5)
  A soul eater (Orc:2)
  A bog body (IceCv)
  Pikel (D:6)
  A deep elf pyromancer (D:12)
  2 orc sorcerers (Orc:2)
  An ugly thing (D:11)
  An elephant (Lair:5)
  An ice statue (IceCv)
  7 cane toads
  A komodo dragon (Lair:4)
  A kobold demonologist (D:8)
  A troll (D:11)
  An ice devil (IceCv)
  A hornet (D:12)
  A spectral elephant (Lair:5)
  2 dire elephant simulacra (IceCv)
  2 wyverns
  A wraith (D:13)
  4 yaks
  A death yak simulacrum (Lair:5)
  Grum (D:9)
  A vampire mosquito (D:11)
  2 basilisks
  An acid dragon (D:5)
  2 water moccasins (Lair:4)
  5 orc warriors
  4 wolves (Lair:2)
  3 ogres
  3 kobold brigands
  A bullfrog (Lair:4)
  2 howler monkeys (D:11)
  A jelly (Lair:4)
  4 orc priests
  An iguana (D:5)
  4 orc wizards
  A hell rat (Lair:5)
  2 white imps
  A worm (shapeshifter) (D:11)
  16 orcs
  A kobold (D:8)
101 creatures vanquished.

Vanquished Creatures (others)
  An orc warrior (Orc:1)
  An orc wizard (Orc:2)
  An orc (Orc:1)
3 creatures vanquished.

Grand Total: 681 creatures vanquished

Notes
Turn   | Place    | Note
-------+----------+-------------------------------------------
     0 | D:1      | Armakuni the Vampire Monk began the quest for the Orb.
     0 | D:1      | Reached XP level 1. HP: 17/17 MP: 1/1
    55 | D:1      | Reached XP level 2. HP: 13/23 MP: 2/2
    82 | D:1      | Found Gireonoe's Antique Armour Emporium.
   209 | D:1      | Reached skill level 4 in Long Blades
   351 | D:1      | Found a faded altar of an unknown god.
   521 | D:1      | Gained mutation: You are afflicted with vampirism and can
                  | become a bat while bloodless. [Vampire growth]
   521 | D:1      | Reached XP level 3. HP: 13/28 MP: 3/3
   830 | D:2      | Noticed Jessica
   848 | D:2      | Killed Jessica
   989 | D:2      | Reached XP level 4. HP: 34/34 MP: 4/4
  1011 | D:2      | Reached skill level 5 in Long Blades
  1470 | D:2      | Found Baqu's Antique Armour Shop.
  1812 | D:3      | Reached XP level 5. HP: 39/39 MP: 5/5
  1818 | D:3      | You fall into a shaft and drop 2 floors!
  1818 | D:5      | Entered Level 5 of the Dungeon
  1854 | D:5      | Found a runed translucent door.
  1855 | D:5      | Noticed Crazy Yiuf
  1902 | D:5      | Found a staircase to the Ecumenical Temple.
  1924 | D:5      | Reached skill level 6 in Long Blades
  2236 | Temple   | Entered the Ecumenical Temple
  2286 | Temple   | Became a worshipper of Makhleb the Destroyer
  2286 | Temple   | Reached * piety under Makhleb
  2286 | Temple   | Reached ** piety under Makhleb
  2313 | D:5      | Found Himm's Weapon Shoppe.
  2450 | D:5      | Noticed an ogre
  2493 | D:4      | Reached XP level 6. HP: 30/46 MP: 6/6
  2545 | D:4      | Found the +5 Force Lance {heavy, knockback}
  2562 | D:4      | Reached skill level 7 in Long Blades
  2950 | D:3      | Noticed Sigmund
  2963 | D:3      | Killed Sigmund
  2964 | D:3      | Reached skill level 1 in Invocations
  3070 | D:3      | Reached XP level 7. HP: 51/51 MP: 8/8
  3470 | D:5      | Reached skill level 8 in Long Blades
  3730 | D:6      | Noticed Pikel
  3780 | D:6      | Noticed Duvessa
  3780 | D:6      | Noticed Dowan
  3796 | D:6      | Killed Duvessa
  3797 | D:6      | Reached XP level 8. HP: 27/57 MP: 9/11
  3865 | D:6      | Killed Dowan
  4139 | D:5      | Reached skill level 9 in Long Blades
  4170 | D:5      | Learned a level 2 spell: Wereblood
  4199 | D:5      | Reached skill level 5 in Invocations
  4217 | D:5      | Reached *** piety under Makhleb
  4259 | D:5      | Reached skill level 1 in Armour
  4606 | D:5      | Killed Crazy Yiuf
  4711 | D:6      | Found a shadowy altar of Dithmenos.
  4715 | D:6      | Reached XP level 9. HP: 64/64 MP: 12/12
  4937 | D:6      | Found a bloodstained altar of Trog.
  4942 | D:6      | Found a shimmering blue altar of Sif Muna.
  4958 | D:6      | Noticed Eustachio
  4972 | D:6      | Killed Eustachio
  5034 | D:6      | Reached skill level 5 in Dodging
  5497 | D:6      | Killed Pikel
  5498 | D:6      | Reached skill level 5 in Fighting
  5845 | D:7      | Reached skill level 5 in Armour
  5991 | D:7      | Reached XP level 10. HP: 52/74 MP: 14/14
  6176 | D:7      | Found an opulent altar of Gozag.
  6316 | D:7      | Reached **** piety under Makhleb
  6827 | D:8      | Noticed a two-headed ogre
  6830 | D:8      | Killed a two-headed ogre
  6889 | D:8      | Found a large runed translucent door.
  6890 | D:8      | Found a large runed translucent door.
  6892 | D:8      | Found a large runed translucent door.
  6892 | D:8      | Found a large runed translucent door.
  6941 | D:8      | Noticed Psyche
  6947 | D:8      | Killed Psyche
  6995 | D:8      | Noticed a smoke demon
  7016 | D:8      | Noticed an orange demon
  7191 | D:8      | Noticed a centaur warrior
  7203 | D:8      | Killed a centaur warrior
  7311 | D:8      | Identified the +1 cloak of Joess {rPois rCorr}
  7377 | D:8      | Identified the orb of Rotini {mayhem, Contam MP+9 Int+5}
  7685 | D:5      | Bought a +5 vampiric long sword for 412 gold pieces
  7762 | D:9      | Found an iron altar of Okawaru.
  7779 | D:8      | Reached skill level 10 in Invocations
  7915 | D:9      | Found Yzoqymiabol's General Store.
  7942 | D:9      | Bought a scroll of identify for 34 gold pieces
  7977 | D:9      | Noticed Grum
  7981 | D:9      | Reached XP level 11. HP: 54/71 MP: 18/18
  7987 | D:9      | Killed Grum
  8083 | D:9      | Noticed a two-headed ogre
  8087 | D:9      | Noticed Jeremiah
  8089 | D:9      | Killed Jeremiah
  8090 | D:9      | Reached skill level 10 in Long Blades
  8094 | D:9      | Killed a two-headed ogre
  8400 | D:9      | Found an ancient bone altar of Kikubaaqudgha.
  8466 | D:9      | Identified the +6 whip of Conformity {speed, rF+ Will+
                  | Dex-5 SInv}
  8583 | D:10     | Entered Level 10 of the Dungeon
  8583 | D:10     | Noticed Snorg
  8599 | D:9      | Killed Snorg
  8600 | D:9      | Reached skill level 11 in Long Blades
  8786 | D:10     | Found a hazy altar of Hepliaklqana.
  9308 | D:10     | Found a broken altar of Ashenzari.
  9402 | D:11     | Reached skill level 12 in Long Blades
  9557 | D:11     | Noticed a two-headed ogre
  9566 | D:11     | Killed a two-headed ogre
  9626 | D:11     | Found a staircase to the Lair.
  9661 | D:11     | Reached skill level 13 in Long Blades
  9676 | D:11     | Noticed a white ugly thing
  9677 | D:11     | Noticed a red ugly thing
  9690 | D:11     | Killed a purple ugly thing
  9702 | D:11     | Killed a red ugly thing
  9715 | D:11     | Identified the ring "Duaxusao" {rPois SInv}
  9727 | D:11     | Noticed a two-headed ogre
  9740 | D:11     | Killed a two-headed ogre
  9741 | D:11     | Reached XP level 12. HP: 86/86 MP: 19/19
  9783 | D:11     | Noticed a two-headed ogre
  9795 | D:11     | Killed a two-headed ogre
  9796 | D:11     | Reached skill level 14 in Long Blades
  9883 | D:11     | Noticed an ogre mage
  9901 | D:11     | Killed an ogre mage
  9945 | D:11     | Noticed a boulder beetle
  9960 | D:11     | Killed a boulder beetle
 10003 | D:11     | Reached ***** piety under Makhleb
 10383 | D:12     | Found a staircase to the Orcish Mines.
 10450 | D:12     | Found Geugol's Book Shop.
 10814 | D:12     | Found a runed translucent gate.
 10815 | D:12     | Found a runed translucent gate.
 10815 | D:12     | Found a runed translucent gate.
 10816 | D:12     | Found an opulent altar of Gozag.
 10818 | D:12     | Found Kyamojec's Assorted Antiques.
 10818 | D:12     | Noticed a boulder beetle
 10818 | D:12     | Noticed a tengu reaver
 10818 | D:12     | Noticed Takeo's ghost (journeyman DEIE)
 10983 | D:13     | Noticed Josephine
 10987 | D:13     | Killed Josephine
 11029 | D:13     | Noticed a two-headed ogre
 11036 | D:13     | Noticed a centaur warrior
 11044 | D:13     | Killed a two-headed ogre
 11048 | D:13     | Killed a centaur warrior
 11049 | D:13     | Reached skill level 10 in Fighting
 11052 | D:13     | Noticed an ogre mage
 11057 | D:13     | Noticed a two-headed ogre
 11061 | D:13     | Noticed a two-headed ogre
 11065 | D:13     | Killed a two-headed ogre
 11091 | D:13     | Killed a two-headed ogre
 11299 | Lair:1   | Entered Level 1 of the Lair of Beasts
 11373 | Lair:1   | Reached XP level 13. HP: 102/103 MP: 20/20
 11662 | Lair:1   | Found a frozen archway.
 11688 | IceCv    | Entered an ice cave
 12939 | Lair:2   | Found a staircase to the Shoals.
 13624 | Lair:2   | Reached skill level 10 in Dodging
 13628 | Lair:2   | Found a staircase to the Snake Pit.
 14138 | Lair:3   | Reached skill level 5 in Transmutations
 14502 | Lair:3   | Reached skill level 10 in Transmutations
 14542 | Lair:3   | Found an ornate altar of the Wu Jian Council.
 14580 | Lair:3   | Identified 2 scrolls of acquirement
 14580 | Lair:3   | Acquired 1049 gold pieces
 15238 | Lair:4   | Identified the +3 kite shield "Iczethah" {Str+4}
 15309 | Lair:4   | Noticed Rupert
 15326 | Lair:4   | Killed Rupert
 15327 | Lair:4   | Reached XP level 14. HP: 103/110 MP: 21/21
 15505 | Lair:4   | Acquired 1225 gold pieces
 15694 | Lair:4   | Found a staircase to the Slime Pits.
 15864 | Lair:4   | Found a viscous altar of Jiyva.
 16101 | Lair:5   | Entered Level 5 of the Lair of Beasts
 16110 | Lair:5   | Reached skill level 5 in Shields
 16325 | Lair:5   | Found a runed translucent door.
 16326 | Lair:5   | Noticed Konar's ghost (journeyman BaHu)
 16377 | Lair:5   | Reached ****** piety under Makhleb
 17586 | Lair:5   | Killed Konar's ghost
 17587 | Lair:5   | Reached skill level 10 in Shields
 17707 | Lair:1   | Upgraded the game from 0.31-a0-1098-g6898e6545c to
                  | 0.31-a0-1101-g9ad1905e61
 17752 | Orc:1    | Entered Level 1 of the Orcish Mines
 17987 | Orc:2    | Entered Level 2 of the Orcish Mines
 18299 | Orc:2    | Found Juryamesh's General Store.
 18306 | Orc:2    | Found Nijaidumm's Distillery.
 18360 | Orc:2    | Bought a scroll of blinking for 112 gold pieces
 18362 | Orc:2    | Bought a potion of heal wounds for 65 gold pieces
 18362 | Orc:2    | Bought a potion of mutation for 104 gold pieces
 18362 | Orc:2    | Bought a potion of might for 52 gold pieces
 18434 | Orc:2    | Reached XP level 15. HP: 82/112 MP: 22/22
 18567 | Orc:2    | Paralysed by an orc sorcerer for 5 turns
 18594 | Orc:2    | Found Kalugo's Book Boutique.
 18594 | Orc:2    | Found a one-way gate leading to the halls of Pandemonium.
 18594 | Orc:2    | Found Acuga's Antique Armour Shop.
 18603 | Orc:2    | Bought the +2 hood of the Assassin {Detect Stab+ Stlth++}
                  | for 1740 gold pieces
 18603 | Orc:2    | Found the +2 hood of the Assassin {Detect Stab+ Stlth++}
 18616 | Orc:2    | Bought a pair of embroidered gloves for 217 gold pieces
 18686 | Orc:2    | Found a staircase to the Elven Halls.
 18694 | Orc:2    | Paralysed by an orc sorcerer for 4 turns
 18794 | Orc:2    | Noticed Urug
 18807 | Orc:2    | Killed Urug
 19377 | D:1      | Bought a faintly humming plate armour for 476 gold pieces
 19377 | D:1      | Identified the +9 plate armour of Jufompeuph {Rampage
                  | Regen+ Int-4} (You bought it in a shop on level 1 of the
                  | Dungeon)
 19821 | D:11     | Killed Takeo's ghost
 19943 | D:12     | Killed from afar by a tengu reaver

Illustrated notes

Levels and vault maps discovered:
D:1:      dpeg_arrival_round_b, layout_rooms, hellmonk_ecumenical_altar_zigzags,
          serial_shops, shop, nicolae_kite_square_tiling_tiny
D:2:      minmay_alternating_diamond, layout_loops_corners, serial_shops,
          nicolae_shop_trees, uniq_jessica
D:3:      layout_loops_ring, minivault_25, uniq_sigmund
D:4:      layout_basic, minmay_misc_feat_encased
D:5:      layout_loops_cross, minmay_temple_entry_waves, enter_ossuary_4,
          serial_shops, nicolae_shop_waterfront, st_stairs_6,
          minmay_manual_monstrance, uniq_crazy_yiuf_cottage
D:6:      layout_basic, hellmonk_overflow_destroyed_library,
          grunt_dithmenos_smoke_and_mirrors, palyth_stone_intersect,
          minmay_manual_mail, uniq_duvessa, uniq_eustachio, uniq_pikel
D:7:      layout_basic, grunt_gozag_statues, nicolae_nh_ransacked_shop
D:8:      layout_basic, serial_park_tiny_2, minmay_hollow_rounded_squares,
          uniq_psyche
D:9:      layout_long_grid, okawaru_ov_weapons_minmay,
          lemuel_zombie_altar_kikubaaqudgha, serial_shops, nicolae_diamond_shop,
          uniq_grum, uniq_jeremiah
D:10:     layout_loops_ring, lemuel_doored_altar,
          nicolae_hepliaklqana_hazy_memory, uniq_snorg
D:11:     regret_index_malice_mire, layout_cave_pools, lair_entry_dummy
D:12:     layout_loops_ring, david_orc_3, ebering_ghost_gozag, serial_shops,
          nicolae_book_shop_shelving
D:13:     layout_rooms, hangedman_vaults_entry_quadrant_bands, uniq_josephine
Temple:   eino_temple_water
Lair:1:   layout_hall_layers, portal_ice_cave_entry_pillars_2,
          grunt_megastairs_4
Lair:2:   layout_cave_pods, shoals_dummy_entry,
          nicolae_snake_entry_warm_welcome, serial_bayou_pond_c,
          nicolae_lair_liquid_snakes
Lair:3:   layout_cave_pods, basic_altar, bh_autumn_forest_stairs
Lair:4:   layout_regular_city, nicolae_slime_entry_field_trip,
          grunt_megastairs_3, uniq_rupert
Lair:5:   due_jungle_book, layout_regular_city, gammafunk_ghost_grave
Orc:1:    layout_caves, minmay_orc_keep
Orc:2:    pf_orc_diabolical, layout_caves, uniq_urug

Skill      XL: |  1  2  3  4  5  6  7  8  9 10 11 12 13 14 15 |
---------------+----------------------------------------------+-----
Long Blades    | 4 5 6 7 8 9 13 14 | 14.1
Invocations    | 1 4 5 10 12 | 12.2
Polearms       | 3 4 |  4.0
Fighting       | 3 5 10 | 10.0
Armour         | 1 5 6 |  6.8
Dodging        | 4 5 6 10 | 10.0
Transmutations | 10 | 10.0
Shields        | 2 10 | 10.2

Action                     |  1- 3 |  4- 6 |  7- 9 | 10-12 | 13-15 || total
---------------------------+-------+-------+-------+-------+-------++-------
  Melee: Falchion          |    81 |   147 |       |       |       ||   228
         Bite              |     7 |    26 |    21 |    85 |   265 ||   404
         Lance             |       |    34 |   211 |   132 |       ||   377
         Long sword        |       |       |       |   361 |  1207 ||  1568
         Scimitar          |       |       |       |       |    90 ||    90
  Throw: Throwing net      |       |       |       |     2 |       ||     2
 Invoke: Minor Destruction |       |       |    10 |     4 |    20 ||    34
         Lesser Servant of |       |       |     3 |    23 |    35 ||    61
         Major Destruction |       |       |       |    12 |       ||    12
         Greater Servant o |       |       |       |       |     2 ||     2
Ability: Exsanguinate      |       |       |       |     1 |     1 ||     2
         Revivify          |       |       |       |     1 |     1 ||     2
  Evoke: Wand              |       |       |       |     7 |       ||     7
    Use: Scroll            |     4 |     2 |    10 |    12 |    11 ||    39
         Potion            |       |       |     1 |     2 |     1 ||     4
   Stab: Distracted        |       |       |       |     5 |    18 ||    23
         Held in net/web   |       |       |       |     1 |       ||     1
         Confused          |       |       |       |     1 |       ||     1
         Sleeping          |       |       |       |       |     1 ||     1
 Armour: Robe              |    47 |       |       |       |       ||    47
         Ring mail         |    13 |    84 |    69 |       |       ||   166
         Acid dragon scale |       |       |    56 |   271 |    54 ||   381
         Skin              |       |       |     2 |       |       ||     2
         Scale mail        |       |       |       |       |   497 ||   497
         Plate armour      |       |       |       |       |    40 ||    40
  Dodge: Dodged            |    64 |   126 |   203 |   466 |   927 ||  1786
  Block: Kite shield       |       |       |       |       |   437 ||   437

Table legend: (Time is in decaauts)
 A = Elapsed time spent in this place.
 B = Non-inter-level travel time spent in this place.
 C = Inter-level travel time spent in this place.
 D = Time resting spent in this place.
 E = Time spent auto-exploring this place.
 F = Levels seen in this place.
 G = Mean time per level.
                   A        B        C        D        E       F      G
               +--------+--------+--------+--------+--------+-----+--------+
         Total |  19768 |  18317 |   1451 |   2165 |  10531 |  22 |  898.5 |
       Dungeon |  12179 |  11089 |   1090 |   1339 |   6472 |  13 |  936.8 |
        Temple |     69 |     51 |     18 |      0 |      0 |   1 |   69.0 |
          Lair |   5216 |   4967 |    249 |    270 |   3415 |   5 | 1043.2 |
  Orcish Mines |   1349 |   1255 |     94 |     12 |    640 |   2 |  674.5 |
      Ice Cave |    953 |    953 |      0 |    544 |      3 |   1 |  953.0 |
               +--------+--------+--------+--------+--------+-----+--------+

Top non-repeatable levels by time:
     D:5: 1523 daAuts
  Lair:5: 1452 daAuts
     D:6: 1413 daAuts
     D:8: 1220 daAuts
     D:2: 1105 daAuts
  Lair:2: 1083 daAuts
  Lair:3: 1063 daAuts
    D:11: 1050 daAuts
     D:9: 964 daAuts
    D:12: 962 daAuts
   IceCv: 953 daAuts
   Orc:2: 909 daAuts
  Lair:4: 889 daAuts
     D:7: 819 daAuts
    D:10: 800 daAuts
